Map: [ESL] Goldenaura

Players

LiquidClem (Clem) - Winner!

  • Race: Terran Terran
  • League: Master
  • Spawn Location: 12:00

Dark

  • Race: Zerg Zerg
  • Spawn Location: 5:00

VOD

Have the link to the VOD?

Description

Time

  • Played on: Dec. 11, 2023, 10:16 a.m.
  • Length: 12:56
Show
View Real Time Build Order
Export as new Build Order

LiquidClem Terran - Winner!

Build Orders: Reaper Expand 

Get SALT Encoding   

  12  0:00  SCV  
  13  0:12  SCV  
  14  0:17  Supply Depot  
  14  0:24  SCV  
  15  0:39  SCV  
  15  0:41  Barracks  
  16  0:43  Refinery  
  16  0:51  SCV  
  17  1:03  SCV  
  18  1:15  SCV  
  19  1:28  Orbital Command, Reaper  
  20  1:43  Command Center  
  20  1:49  Supply Depot  
  20  1:53  SCV  
  21  2:00  Marine  
  22  2:05  SCV  
  23  2:13  Factory  
  23  2:17  SCV  
  23  2:22  Barracks Reactor  
  25  2:30  SCV  
  25  2:39  Command Center  
  25  2:43  SCV  
  26  2:55  Orbital Command  
  26  2:56  SCV  
  27  3:01  Starport  
  27  3:07  Refinery  
  27  3:08  SCV  
  27  3:10  Hellion  
  30  3:15  Hellion  
  32  3:20  Marine  
  32  3:21  SCV  
  32  3:22  SCV  
  35  3:33  SCV  
  36  3:34  SCV  
  36  3:35  Hellion  
  36  3:38  Hellion  
  41  3:43  Viking  
  41  3:46  SCV  
  41  3:48  SCV  
  45  3:54  Orbital Command  
  45  3:58  SCV  
  45  4:01  SCV, Hellion  
  49  4:04  Hellion  
  51  4:10  SCV  
  51  4:13  SCV  
  51  4:14  Liberator  
  51  4:15  Supply Depot  
  56  4:21  SCV  
  56  4:22  SCV  
  56  4:24  Barracks Tech Lab  
  58  4:25  SCV  
  59  4:32  Hellion  
  59  4:37  SCV x3, Hellion  
  66  4:40  Supply Depot  
  66  4:42  Stimpack  
  66  4:49  SCV x3  
  66  4:50  Barracks x2  
  69  5:00  Engineering Bay x2  
  69  5:01  SCV, Marine  
  69  5:02  SCV  
  69  5:03  Starport Reactor  
  69  5:06  SCV, Refinery  
  69  5:07  Refinery  
  73  5:11  Supply Depot, Factory Reactor  
  73  5:14  Supply Depot, SCV x2  
  75  5:18  SCV  
  75  5:19  Marine  
  77  5:30  SCV  
  77  5:32  Terran Infantry Weapons Level 1, Terran Infantry Armor Level 1  
  77  5:35  SCV  
  73  5:36  Orbital Command  
  73  5:37  Marine  
  73  5:38  Barracks  
  73  5:40  Barracks  
  73  5:42  SCV  
  75  5:43  Supply Depot  
  75  5:47  SCV  
  76  5:50  Starport Reactor  
  76  5:51  Widow Mine x2  
  76  5:52  Marine x2  
  76  5:53  Marine x2  
  76  5:54  SCV  
  76  5:55  Marine  
  86  5:57  Supply Depot  
  86  5:59  SCV  
  86  6:02  SCV  
  88  6:06  SCV  
  88  6:10  Marine x2  
  91  6:11  SCV  
  91  6:14  SCV  
  91  6:15  Widow Mine x2  
  91  6:17  Supply Depot, Marine x2  
  91  6:18  SCV, Marine  
  100  6:23  SCV, Armory  
  100  6:24  Combat Shield  
  102  6:25  Refinery  
  102  6:26  SCV  
  102  6:27  Barracks Reactor  
  102  6:28  Barracks Reactor  
  102  6:30  SCV  
  102  6:32  Factory  
  104  6:34  Supply Depot  
  104  6:35  SCV  
  104  6:38  SCV  
  104  6:39  Medivac x2  
  110  6:42  SCV  
  110  6:44  Widow Mine x2  
  115  6:47  Marine x2  
  115  6:48  Supply Depot  
  115  6:53  Refinery  
  117  6:55  Supply Depot, Marine x3  
  117  6:56  SCV x3  
  117  7:00  Supply Depot  
  123  7:02  Command Center  
  123  7:05  Marine  
  123  7:07  Marine  
  123  7:08  Supply Depot x2  
  125  7:10  Widow Mine x2  
  129  7:16  Medivac x2  
  129  7:20  Marine  
  134  7:24  Supply Depot, Marine x3  
  134  7:26  Marine  
  134  7:28  Marine x4  
  141  7:30  Factory Tech Lab  
  137  7:37  Widow Mine x2  
  137  7:38  Marine, Terran Infantry Armor Level 2, Terran Infantry Weapons Level 2  
  137  7:42  Marine x3  
  128  7:44  Marine  
  128  7:46  Marine x3  
  128  7:49  Marine  
  128  7:51  Widow Mine, Drilling Claws  
  133  7:56  Medivac x2  
  133  7:58  Marine  
  137  8:00  Marine x2  
  137  8:02  Marine x2  
  137  8:03  Widow Mine x2  
  145  8:06  Sensor Tower  
  145  8:11  Barracks  
  145  8:12  Widow Mine  
  147  8:18  Marine x2, Barracks  
  147  8:19  Marauder, Barracks  
  151  8:23  Marine x5  
  151  8:24  Widow Mine  
  151  8:25  Widow Mine  
  151  8:27  SCV, Marine  
  160  8:29  SCV  
  160  8:30  SCV  
  156  8:36  Marine x2  
  156  8:37  Widow Mine  
  156  8:39  SCV, Marine  
  156  8:41  Marine  
  161  8:42  Marine  
  161  8:43  SCV  
  161  8:46  Widow Mine  
  160  8:49  Marine x4, Widow Mine  
  160  8:53  Supply Depot  
  164  8:56  Medivac x2  
  164  8:57  Marine  
  164  8:59  Widow Mine  
  164  9:01  Missile Turret  
  164  9:02  Missile Turret  
  169  9:05  Missile Turret  
  169  9:07  Planetary Fortress, Widow Mine  
  169  9:08  SCV  
  169  9:09  Barracks Tech Lab x2  
  170  9:12  Barracks Tech Lab, SCV  
  170  9:16  Marine x2, Widow Mine  
  173  9:17  SCV  
  173  9:18  Marine  
  173  9:20  Siege Tank, Marine x2, SCV  
  173  9:23  Marine x2  
  181  9:27  Marine  
  181  9:29  Marauder  
  184  9:32  Concussive Shells  
  184  9:37  Widow Mine  
  184  9:38  Command Center, Marauder x2  
  190  9:40  Marine x2, Widow Mine  
  190  9:42  Medivac  
  182  9:49  Marine, Marauder  
  182  9:51  Marauder, Medivac  
  182  9:52  Marine, Widow Mine  
  181  9:53  Marine  
  181  9:59  Widow Mine, Terran Infantry Weapons Level 3  
  182  10:01  Widow Mine  
  182  10:02  Refinery  
  182  10:04  Terran Infantry Armor Level 3  
  184  10:13  Marauder, Widow Mine  
  188  10:14  Marine, Marauder  
  188  10:17  Medivac  
  188  10:20  Marauder, Widow Mine  
  188  10:21  Supply Depot  
  195  10:24  Supply Depot  
  195  10:26  Terran Vehicle And Ship Armor Level 1  
  195  10:30  Marine  
  196  10:36  Marine x2, Widow Mine  
  196  10:37  Marine  
  196  10:38  Widow Mine  
  196  10:39  Marauder x3  
  196  10:42  Marauder  
  189  10:45  Marine x2, Widow Mine  
  189  10:46  Marine  
  189  10:48  Command Center  
  187  10:57  Medivac  
  187  10:58  Widow Mine  
  187  10:59  Marine x3, Missile Turret, Sensor Tower, Widow Mine  
  187  11:01  Marauder x2  
  200  11:10  Marine x2, Widow Mine, Medivac  
  200  11:11  Marine x4  
  181  11:12  Marine  
  181  11:17  Marine  
  186  11:19  Widow Mine  
  186  11:22  Marauder x2, Widow Mine  
  186  11:23  Marine x2  
  196  11:28  Marine x3  
  196  11:29  Marine  
  196  11:30  Marauder  
  199  11:33  Marine  
  199  11:34  Planetary Fortress  
  199  11:42  Widow Mine  
  199  11:43  Marine x2, Marauder  
  198  11:50  Widow Mine  
  198  11:51  Marine  
  195  11:55  Marine, Widow Mine  
  195  11:56  Marine x2  
  195  11:57  Medivac x2  
  195  11:58  Marauder  
  195  12:00  Marauder  
  190  12:02  Marauder  
  190  12:04  Widow Mine  
  190  12:06  Marauder  
  194  12:09  Marine  
  194  12:11  Widow Mine  
  193  12:16  Widow Mine  
  193  12:17  Marine x2  
  193  12:18  Marine x3  
  200  12:29  Command Center  
  197  12:32  Barracks x2, Widow Mine  
  184  12:37  Marine  
  184  12:38  Barracks  
  184  12:41  Command Center  
Show
View Real Time Build Order
Export as new Build Order

Dark Zerg 

Build Orders: Hatch First 

Get SALT Encoding   

  12  0:00  Drone  
  13  0:12  Overlord  
  13  0:17  Drone  
  14  0:31  Drone x2  
  16  0:48  Hatchery  
  15  0:51  Drone  
  15  0:54  Drone  
  17  0:58  Drone  
  18  1:13  Spawning Pool  
  18  1:15  Drone  
  19  1:18  Drone  
  19  1:28  Drone  
  20  1:39  Drone  
  21  1:50  Hatchery, Drone  
  21  2:00  Queen  
  23  2:02  Zergling x2  
  23  2:03  Zergling x2  
  25  2:10  Queen  
  27  2:15  Overlord  
  27  2:20  Drone  
  28  2:36  Drone x4  
  31  2:40  Queen  
  33  2:48  Overlord  
  33  2:49  Queen  
  35  3:03  Drone x4  
  39  3:09  Queen  
  41  3:14  Drone x5  
  41  3:19  Overlord  
  46  3:22  Zergling x4  
  46  3:23  Drone  
  49  3:37  Queen x2  
  49  3:38  Drone x3  
  49  3:39  Drone  
  57  3:47  Overlord  
  57  4:02  Overlord  
  57  4:05  Queen  
  57  4:06  Drone x6  
  57  4:07  Overlord  
  65  4:10  Overlord  
  65  4:20  Queen, Overlord  
  65  4:22  Drone x6  
  73  4:26  Drone x2  
  75  4:33  Extractor  
  75  4:34  Extractor  
  75  4:35  Drone x3  
  75  4:36  Extractor  
  75  4:39  Spore Crawler  
  75  4:40  Spore Crawler  
  75  4:45  Zergling x2  
  74  4:46  Zergling x4  
  74  4:47  Queen  
  74  4:49  Hatchery  
  74  4:50  Drone x5  
  82  4:54  Drone  
  82  4:55  Drone  
  82  4:58  Drone x2  
  82  4:59  Drone  
  87  5:03  Overlord  
  87  5:05  Overlord, Extractor  
  86  5:08  Overlord  
  86  5:11  Overlord  
  86  5:13  Overlord  
  86  5:17  Hatchery  
  86  5:18  Overlord  
  85  5:25  Drone x7  
  92  5:31  Drone x5  
  92  5:33  Lair  
  92  5:34  Metabolic Boost  
  95  5:43  Drone  
  95  5:44  Drone x2  
  95  5:47  Drone  
  98  5:55  Extractor  
  97  5:58  Drone x2  
  97  5:59  Drone, Extractor, Evolution Chamber  
  97  6:02  Evolution Chamber, Baneling Nest  
  97  6:04  Overlord  
  97  6:09  Overlord  
  97  6:11  Drone x5  
  100  6:12  Hatchery  
  100  6:14  Extractor  
  100  6:15  Overlord  
  100  6:21  Zergling x2  
  100  6:22  Zergling x10  
  106  6:31  Zerg Melee Weapons Level 1, Zerg Ground Armor Level 1  
  106  6:33  Zergling x14  
  106  6:38  Spire  
  112  6:42  Drone x3  
  112  6:43  Zergling x14  
  122  6:49  Spore Crawler  
  122  6:51  Drone x2  
  123  6:54  Baneling  
  123  6:55  Baneling x7  
  123  6:56  Centrifugal Hooks  
  123  6:58  Zergling x10  
  130  7:08  Drone x2  
  130  7:09  Overlord  
  130  7:10  Overlord  
  130  7:12  Drone x4  
  134  7:17  Baneling x11  
  134  7:19  Zergling x8  
  134  7:22  Overseer  
  137  7:29  Drone x4  
  138  7:34  Zergling x22  
  147  7:43  Zergling x20  
  147  7:50  Zergling x18  
  152  8:00  Drone  
  152  8:01  Drone x6  
  152  8:02  Drone  
  152  8:04  Extractor  
  152  8:05  Extractor  
  158  8:06  Zerg Flyer Weapons Level 1  
  155  8:13  Mutalisk  
  155  8:14  Mutalisk x7  
  155  8:18  Overseer  
  171  8:22  Zergling x16  
  177  8:34  Zergling x18  
  167  8:35  Pneumatized Carapace  
  166  8:42  Zergling x24  
  166  8:47  Zergling x10  
  180  8:50  Baneling  
  180  8:51  Baneling x8  
  180  8:52  Baneling  
  178  8:58  Zergling x22  
  178  9:00  Zergling x2  
  171  9:03  Overseer, Mutalisk  
  171  9:04  Mutalisk  
  171  9:08  Zergling x4  
  177  9:13  Zergling x4  
  177  9:14  Overlord  
  179  9:20  Zerg Melee Weapons Level 2, Zerg Ground Armor Level 2  
  179  9:21  Baneling  
  179  9:22  Baneling x2, Overlord  
  179  9:28  Overlord  
  179  9:29  Zergling x6  
  180  9:35  Zergling x2  
  180  9:36  Zergling x14  
  174  9:49  Zergling x30  
  181  9:55  Zergling x20  
  188  10:00  Drone x2  
  189  10:08  Zerg Flyer Weapons Level 2  
  189  10:14  Zergling x20  
  189  10:17  Baneling x6  
  199  10:22  Zergling x2  
  199  10:31  Baneling x5  
  193  10:40  Zergling x2  
  193  10:41  Zergling x36  
  175  10:44  Zergling x2  
  175  10:45  Zergling x4  
  175  10:46  Zergling x2  
  175  10:47  Zergling x4  
  175  10:48  Baneling x14  
  170  10:58  Zergling x24  
  170  11:00  Baneling x8  
  182  11:04  Zergling x2  
  182  11:05  Zergling x8  
  160  11:12  Zergling x8  
  160  11:13  Baneling x12  
  160  11:14  Zergling x8  
  160  11:17  Zergling x6  
  169  11:20  Mutalisk x2  
  169  11:25  Mutalisk x3  
  174  11:28  Mutalisk x4  
  174  11:31  Zergling x2  
  174  11:32  Zergling x6  
  180  11:39  Zergling x12  
  185  11:44  Zergling x12  
  185  11:45  Baneling x9, Hatchery  
  180  11:48  Zergling x6  
  176  11:57  Zergling x22  
  174  12:03  Baneling x10  
  174  12:06  Zergling x2  
  174  12:07  Zergling x8  
  174  12:11  Zergling x8  
  165  12:16  Baneling  
  165  12:17  Baneling x5  
  165  12:20  Zergling x12  
  165  12:26  Mutalisk x4  
  165  12:29  Baneling x6  
  151  12:38  Zergling x12  
Tags
 
Add a new tag
Caveats
  • Supply blocks, unpowered buildings, or Contaminate may cause inaccurate times.
  • Supply counts are checked every 10 seconds.